PAA
OLYMPIA OGRES @ WESTWOOD SIXSHOOTERS
07/05/2042
 
TOP OF THE 1ST
Olympia Ogres batting - Pitching for Westwood Sixshooters : RHP Finley Brinley
Pitching: RHP Finley Brinley
Batting: LHB Jeffery Smith 0-0: Called Strike
0-1: Foul Ball, location: 2F
0-2: Strikes out looking
Batting: SHB Nathan Brannon 0-0: Swinging Strike
0-1: Called Strike
0-2: Ball
1-2: Foul Ball, location: 2F
1-2: SINGLE (Groundball, 6, EV 105.0 MPH) (infield hit)
Batting: RHB Pepe Savinon 0-0: SINGLE (Flyball, 78M, EV 85.6 MPH)
Nathan Brannon to second
Batting: LHB Sariyah Fateen 0-0: Foul Ball, location: 2F
0-1: Ball
1-1: Called Strike
1-2: Ball
2-2: Strikes out swinging
Batting: RHB Paul Stark 0-0: Ball
1-0: Ball
2-0: SINGLE (Groundball, 56D, EV 100.6 MPH)
Nathan Brannon to third
Pepe Savinon to second
Runner from 3rd tries for Home, throw by LF and OUT! 7-2
Top of the 1st over - 0 runs, 3 hits, 0 errors, 2 left on base; Olympia 0 - Westwood 0
BOTTOM OF THE 1ST
Westwood Sixshooters batting - Pitching for Olympia Ogres : LHP José Torres
Pitching: LHP José Torres
Batting: RHB Edmond Hallewell 0-0: Called Strike
0-1: Fly out, F9 (Flyball, 9D, EV 100.6 MPH)
Batting: RHB John Siddall 0-0: Ball
1-0: Called Strike
1-1: Ground out 5-3 (Groundball, 5, EV 81.2 MPH)
Batting: LHB Luis Benítez 0-0: Ball
1-0: Foul Ball, location: 2F
1-1: Called Strike
1-2: Foul Ball, location: 2F
1-2: Foul Ball, location: 2F
1-2: Ground out 6-3 (Groundball, 6, EV 82.5 MPH)
Bottom of the 1st over - 0 runs, 0 hits, 0 errors, 0 left on base; Olympia 0 - Westwood 0
TOP OF THE 2ND
Olympia Ogres batting - Pitching for Westwood Sixshooters : RHP Finley Brinley
Batting: RHB Gyoo-jae Kil 0-0: Ball
1-0: DOUBLE (Flyball, 8LD, EV 110.0 MPH)
Batting: RHB Noud Baggerman 0-0: Foul Ball, location: 2F
0-1: Ball
1-1: Ground out 5-3 (Groundball, 56, EV 77.5 MPH)
Batting: RHB Donald Boyd 0-0: Ball
1-0: Ball
2-0: Ball
3-0: Called Strike
3-1: Fly out, F8 (Flyball, 8LS, EV 81.2 MPH)
Batting: RHB Alfonso Pereyra 0-0: Ball
1-0: Ground out 4-3 (Groundball, 4, EV 78.8 MPH)
Top of the 2nd over - 0 runs, 1 hit, 0 errors, 1 left on base; Olympia 0 - Westwood 0
BOTTOM OF THE 2ND
Westwood Sixshooters batting - Pitching for Olympia Ogres : LHP José Torres
Batting: RHB Illarion Podmarkov 0-0: Foul Ball, location: 2F
0-1: Foul Ball, location: 2F
0-2: Ball
1-2: Ball
2-2: Ball
3-2: Fly out, F7 (Flyball, 7S, EV 70.6 MPH)
Batting: LHB Rick Kirkham 0-0: Ball
1-0: Foul Ball, location: 2F
1-1: Ball
2-1: Ball
3-1: Called Strike
3-2: Foul Ball, location: 2F
3-2: Foul Ball, location: 2F
3-2: Ground out 5-3 (Groundball, 56, EV 86.2 MPH)
Batting: RHB Slavik Akentiev 0-0: Ball
1-0: Ball
2-0: Ball
3-0: Base on Balls
Batting: RHB Eric Landry 0-0: Ball
1-0: Ball
2-0: Called Strike
2-1: DOUBLE (Flyball, 7LD, EV 110.0 MPH)
Slavik Akentiev to third
Pinch Runner at 2nd Ricardo Urquijo:
Batting: RHB Patrick Rivera 0-0: Called Strike
0-1: Ball
1-1: Foul Ball, location: 2F
1-2: Ball
2-2: Ball
3-2: SINGLE (Groundball, 56D, EV 97.5 MPH)
Slavik Akentiev scores
Ricardo Urquijo to third
Ricardo Urquijo scores
Batting: RHB Earl McCarty 0-0: Ball
1-0: Called Strike
1-1: Foul Ball, location: 2F
1-2: Ball
2-2: Fielders Choice at 2nd, 6-4 (Groundball, 6, EV 86.9 MPH)
Bottom of the 2nd over - 2 runs, 2 hits, 0 errors, 1 left on base; Olympia 0 - Westwood 2
TOP OF THE 3RD
Olympia Ogres batting - Pitching for Westwood Sixshooters : RHP Finley Brinley
Batting: LHB Jeffery Smith 0-0: Ball
1-0: Ball
2-0: Ball
3-0: Called Strike
3-1: Base on Balls
Batting: SHB Nathan Brannon 0-0: Ball
1-0: Grounds into double play, 4-6-3 (Groundball, 4, EV 80.0 MPH)
Batting: RHB Pepe Savinon 0-0: Fly out, F8 (Flyball, 8RXD, EV 95.0 MPH)
Top of the 3rd over - 0 runs, 0 hits, 0 errors, 0 left on base; Olympia 0 - Westwood 2
BOTTOM OF THE 3RD
Westwood Sixshooters batting - Pitching for Olympia Ogres : LHP José Torres
Batting: RHB Edmond Hallewell 0-0: Fly out, F8 (Flyball, 78D, EV 82.5 MPH)
Batting: RHB John Siddall 0-0: Fly out, F9 (Line Drive, 9, EV 104.4 MPH)
Batting: LHB Luis Benítez 0-0: Called Strike
0-1: Ball
1-1: Ball
2-1: Swinging Strike
2-2: Ball
3-2: Base on Balls
Batting: RHB Illarion Podmarkov 0-0: Ball
1-0: Ball
2-0: Called Strike
2-1: Called Strike
2-2: Ball
3-2: Ground out 6-3 (Groundball, 6, EV 109.4 MPH)
Bottom of the 3rd over - 0 runs, 0 hits, 0 errors, 1 left on base; Olympia 0 - Westwood 2
TOP OF THE 4TH
Olympia Ogres batting - Pitching for Westwood Sixshooters : RHP Finley Brinley
Batting: LHB Sariyah Fateen 0-0: Ball
1-0: SINGLE (Line Drive, 34D, EV 106.2 MPH)
Batting: RHB Paul Stark 0-0: Ball
1-0: Ball
2-0: Ball
3-0: Called Strike
3-1: Base on Balls
Sariyah Fateen to second
Batting: RHB Gyoo-jae Kil 0-0: Ball
1-0: Foul Ball, location: 2F
1-1: Fly out, F9 (Flyball, 9, EV 90.0 MPH)
Batting: RHB Noud Baggerman 0-0: Ball
1-0: Ball
2-0: Called Strike
2-1: Fielders Choice at 2nd, 6-4 (Groundball, 6, EV 99.4 MPH)
Sariyah Fateen to third
Batting: RHB Donald Boyd 0-0: Ball
1-0: DOUBLE (Line Drive, 8LXD, EV 100.0 MPH)
Sariyah Fateen scores
Noud Baggerman to third
Batting: RHB Alfonso Pereyra 0-0: Foul Ball, location: 2F
0-1: Foul Ball, location: 2F
0-2: Ball
1-2: Strikes out swinging
Top of the 4th over - 1 run, 2 hits, 0 errors, 2 left on base; Olympia 1 - Westwood 2
BOTTOM OF THE 4TH
Westwood Sixshooters batting - Pitching for Olympia Ogres : LHP José Torres
Batting: LHB Rick Kirkham 0-0: Ball
1-0: Ball
2-0: Called Strike
2-1: Ball
3-1: Foul Ball, location: 2F
3-2: Ground out 4-3 (Groundball, 34D, EV 103.1 MPH)
Batting: RHB Slavik Akentiev 0-0: Swinging Strike
0-1: Ball
1-1: Foul Ball, location: 2F
1-2: Ball
2-2: Ground out 6-3 (Groundball, 56, EV 88.8 MPH)
Batting: RHB Ricardo Urquijo 0-0: Ball
1-0: Foul Ball, location: 2F
1-1: Foul Ball, location: 2F
1-2: Foul Ball, location: 2F
1-2: SINGLE (Groundball, 4MD, EV 96.9 MPH)
Batting: RHB Patrick Rivera 0-0: Ball
1-0: Called Strike
1-1: Called Strike
1-2: Strikes out swinging
Bottom of the 4th over - 0 runs, 1 hit, 0 errors, 1 left on base; Olympia 1 - Westwood 2
TOP OF THE 5TH
Olympia Ogres batting - Pitching for Westwood Sixshooters : RHP Finley Brinley
Batting: LHB Jeffery Smith 0-0: Ball
1-0: Ball
2-0: Ground out 4-3 (Groundball, 4, EV 90.0 MPH)
Batting: SHB Nathan Brannon 0-0: Ball
1-0: Swinging Strike
1-1: Ball
2-1: SINGLE (Groundball, 4D, EV 106.2 MPH)
Batting: RHB Pepe Savinon 0-0: Ball
1-0: Grounds into double play, 5-4-3 (Groundball, 56S, EV 91.2 MPH)
Top of the 5th over - 0 runs, 1 hit, 0 errors, 0 left on base; Olympia 1 - Westwood 2
BOTTOM OF THE 5TH
Westwood Sixshooters batting - Pitching for Olympia Ogres : LHP José Torres
Batting: RHB Earl McCarty 0-0: Ball
1-0: Ball
2-0: Ball
3-0: Called Strike
3-1: Fly out, F6 (Popup, 6M, EV 60.0 MPH)
Batting: RHB Edmond Hallewell 0-0: Foul Ball, location: 2F
0-1: Swinging Strike
0-2: Strikes out swinging, 2-3 out at first.
Batting: RHB John Siddall 0-0: Ball
1-0: Ground out 5-3 (Groundball, 56, EV 97.5 MPH)
Bottom of the 5th over - 0 runs, 0 hits, 0 errors, 0 left on base; Olympia 1 - Westwood 2
TOP OF THE 6TH
Olympia Ogres batting - Pitching for Westwood Sixshooters : RHP Finley Brinley
Batting: LHB Sariyah Fateen 0-0: Foul Ball, location: 2F
0-1: Called Strike
0-2: Fly out, F6 (Popup, 4MS, EV 57.5 MPH)
Batting: RHB Paul Stark 0-0: Called Strike
0-1: Ball
1-1: Ball
2-1: Foul Ball, location: 2F
2-2: Ball
3-2: Foul Ball, location: 2F
3-2: Base on Balls
Batting: RHB Gyoo-jae Kil 0-0: Foul Ball, location: 2F
0-1: SINGLE (Groundball, 6MD, EV 110.6 MPH)
Paul Stark to second
Batting: RHB Noud Baggerman 0-0: Called Strike
0-1: Ball
1-1: Foul Ball, location: 2F
1-2: Ball
2-2: Ground out 5-3 (Groundball, 56S, EV 88.1 MPH)
Paul Stark to third
Gyoo-jae Kil to second
Batting: RHB Donald Boyd 0-0: Called Strike
0-1: Fly out, F5 (Popup, 56S, EV 78.8 MPH)
Top of the 6th over - 0 runs, 1 hit, 0 errors, 2 left on base; Olympia 1 - Westwood 2
BOTTOM OF THE 6TH
Westwood Sixshooters batting - Pitching for Olympia Ogres : LHP José Torres
Batting: LHB Luis Benítez 0-0: Called Strike
0-1: TRIPLE (Flyball, 89XD, EV 108.8 MPH)
Batting: RHB Illarion Podmarkov 0-0: Ball
1-0: SINGLE (Line Drive, 9LS, EV 106.9 MPH)
Luis Benítez scores
Pitching: RHP Tex Owens
Batting: LHB Rick Kirkham 0-0: Ball
1-0: Fielders Choice at 2nd, 1-6 (Groundball, P, EV 83.1 MPH)
Batting: RHB Slavik Akentiev 0-0: Called Strike
0-1: Ball
1-1: Ball
2-1: Foul Ball, location: 2F
2-2: Ball
3-2: Foul Ball, location: 2F
3-2: Fly out, F9 (Flyball, 9S, EV 88.1 MPH)
Batting: RHB Ricardo Urquijo 0-0: Foul Ball, location: 2F
0-1: Called Strike
0-2: Foul Ball, location: 2F
0-2: Ball
1-2: Foul Ball, location: 2F
1-2: Ball
2-2: Ground out 5-3 (Groundball, 56S, EV 66.2 MPH)
Bottom of the 6th over - 1 run, 2 hits, 0 errors, 1 left on base; Olympia 1 - Westwood 3
TOP OF THE 7TH
Olympia Ogres batting - Pitching for Westwood Sixshooters : RHP Finley Brinley
Pitching: RHP Júlio Rosales
Batting: RHB Alfonso Pereyra 0-0: Ball
1-0: Ground out 1-3 (Groundball, 13, EV 90.0 MPH)
Batting: LHB Jeffery Smith 0-0: Called Strike
0-1: Foul Ball, location: 2F
0-2: Ball
1-2: Ball
2-2: Ground out 4-3 (Groundball, 4, EV 85.6 MPH)
Batting: SHB Nathan Brannon 0-0: Ground out U3 (Groundball, 3, EV 93.1 MPH)
Top of the 7th over - 0 runs, 0 hits, 0 errors, 0 left on base; Olympia 1 - Westwood 3
BOTTOM OF THE 7TH
Westwood Sixshooters batting - Pitching for Olympia Ogres : RHP Tex Owens
Batting: RHB Patrick Rivera 0-0: Called Strike
0-1: Ball
1-1: Ball
2-1: Fly out, F8 (Flyball, 8RS, EV 89.4 MPH)
Batting: RHB Earl McCarty 0-0: Ball
1-0: Swinging Strike
1-1: Ball
2-1: Foul Ball, location: 2F
2-2: Strikes out swinging
Batting: RHB Edmond Hallewell 0-0: Ball
1-0: Fly out, F9 (Flyball, 9S, EV 88.8 MPH)
Bottom of the 7th over - 0 runs, 0 hits, 0 errors, 0 left on base; Olympia 1 - Westwood 3
TOP OF THE 8TH
Olympia Ogres batting - Pitching for Westwood Sixshooters : RHP Júlio Rosales
Batting: RHB Pepe Savinon 0-0: Ball
1-0: Called Strike
1-1: Ball
2-1: Ground out 6-3 (Groundball, 6, EV 83.8 MPH)
Batting: LHB Sariyah Fateen 0-0: Called Strike
0-1: Ball
1-1: Called Strike
1-2: Strikes out swinging
Batting: RHB Paul Stark 0-0: Ball
1-0: Called Strike
1-1: Ground out 5-3 (Groundball, 56, EV 82.5 MPH)
Top of the 8th over - 0 runs, 0 hits, 0 errors, 0 left on base; Olympia 1 - Westwood 3
BOTTOM OF THE 8TH
Westwood Sixshooters batting - Pitching for Olympia Ogres : RHP Tex Owens
Pitching: LHP Virgil Gilbert
Batting: RHB John Siddall 0-0: Ball
1-0: Foul Ball, location: 2F
1-1: Fly out, F8 (Flyball, 8RD, EV 79.4 MPH)
Batting: LHB Luis Benítez 0-0: Called Strike
0-1: Ball
1-1: Ground out 4-3 (Groundball, 34, EV 85.6 MPH)
Batting: RHB Illarion Podmarkov 0-0: Called Strike
0-1: Ball
1-1: Foul Ball, location: 2F
1-2: Foul Ball, location: 2F
1-2: Ball
2-2: Ball
3-2: Ground out 4-3 (Groundball, 4M, EV 78.1 MPH)
Bottom of the 8th over - 0 runs, 0 hits, 0 errors, 0 left on base; Olympia 1 - Westwood 3
TOP OF THE 9TH
Olympia Ogres batting - Pitching for Westwood Sixshooters : RHP Júlio Rosales
Pitching: RHP Manny Rodríguez
Now at SS: Sterling Massingham
Batting: RHB Gyoo-jae Kil 0-0: Called Strike
0-1: Called Strike
0-2: Strikes out swinging
Batting: RHB Noud Baggerman 0-0: Called Strike
0-1: Ground out 5-3 (Groundball, 56, EV 104.4 MPH)
Batting: RHB Donald Boyd 0-0: Ball
1-0: Ball
2-0: Swinging Strike
2-1: Foul Ball, location: 2F
2-2: Fly out, F7 (Line Drive, 7, EV 93.8 MPH)
Top of the 9th over - 0 runs, 0 hits, 0 errors, 0 left on base; Olympia 1 - Westwood 3
Friday, March 26th, 2021 - OOTP Baseball 20.8 Build 74